 Dungeon Crawl Stone Soup version 0.31.0-32-g396128a36d (webtiles) character file.

Game seed: 1256144170430157257

305 smashvw the Trooper (level 6, -1/57 HPs)
             Began as a Minotaur Berserker on Mar 30, 2024.
             Was a Believer of Trog.
             Slain by an orc
             ... wielding a +0 war axe
              (2 damage)
             ... on level 3 of the Dungeon.
             The game lasted 00:04:54 (2751 turns).

smashvw the Trooper (Minotaur Berserker)            Turns: 2751, Time: 00:04:54

Health: -1/57      AC:  9    Str: 23    XL:     6   Next: 15%
Magic:  5/5        EV:  9    Int:  4    God:    Trog [**....]
Gold:   162        SH:  0    Dex: 10    Spells: 5/5 levels left

rFire   . . .        a - +0 mace
rCold   . . .        (no shield)
rNeg    . . .        g - +0 chain mail
rPois   .            (helmet restricted)
rElec   .            (no cloak)
rCorr   .            (no gloves)
SInv    .            (no boots)
Will    .....        (no amulet) Stlth
                     (no ring)
HPRegen 0.29/turn    (no ring)
MPRegen 0.09/turn

%: no passive effects
@: no status effects
A: horns 2, retaliatory headbutt
a: Renounce Religion, Berserk, Trog's Hand


You were on level 3 of the Dungeon.
You worshipped Trog.
Trog was pleased with you.
You visited 1 branch of the dungeon, and saw 4 of its levels.

You collected 162 gold pieces.

Inventory:

Hand Weapons
 a - a +0 mace (weapon)
Missiles
 h - 2 throwing nets (quivered)
Armour
 g - a +0 chain mail (worn)
Wands
 m - a wand of charming (10)
Scrolls
 c - a scroll of poison {unknown}
 d - 2 scrolls of vulnerability {unknown}
 e - 3 scrolls of teleportation {unknown}
 f - 2 scrolls of amnesia {unknown}
 i - a scroll of fear {unknown}
 k - a scroll of noise {unknown}
 l - a scroll of blinking {unknown}
Potions
 b - a potion of curing {unknown}
 j - a potion of resistance {unknown}


   Skills:
 + Level 5.7 Fighting
 + Level 5.6 Maces & Flails
 + Level 4.9 Armour
 - Level 2.1 Dodging


You had 5 spell levels left.
You didn't know any spells.
Your spell library was empty.

Dungeon Overview and Level Annotations

Branches:
Dungeon (4/15)
 Temple: D:4-7

Altars:


Innate Abilities, Weirdness & Mutations

You have a pair of horns on your head.
You reflexively headbutt those who attack you in melee.


Message History

You closely miss the orc. You headbutt the orc.
The orc is severely wounded.
The orc hits you with a +0 war axe! The orc hits you but does no damage.
The orc barely misses you.
You sock the orc!
You kill the orc!
Trog accepts your kill. The orc hits you with a +0 war axe.
The orc hits you with a +1 flail of protection.
The orc hits you with a +0 war axe.
The orc hits you with a +1 flail of protection.
You hit the orc. Your headbutt misses the orc.
The orc is moderately wounded.
The orc hits you with a +0 war axe.
The orc hits you with a +1 flail of protection.
You barely miss the orc. You headbutt the orc, but do no damage.
The orc is moderately wounded.
The orc hits you with a +0 war axe.
The orc hits you with a +1 flail of protection.
You are too injured to fight recklessly!
You are too injured to fight recklessly!
You are too injured to fight recklessly!
You hit the orc.
The orc is heavily wounded.
The orc hits you with a +0 war axe. The orc barely misses you.
You hit the orc. Your headbutt misses the orc.
The orc is almost dead.
The orc hits you with a +0 war axe.
* * * LOW HITPOINT WARNING * * *
The orc hits you but does no damage.
You hit the orc but do no damage.
The orc is almost dead.
The orc hits you with a +0 war axe!
* * * LOW HITPOINT WARNING * * *
The orc hits you with a +1 flail of protection!
* * * LOW HITPOINT WARNING * * *
You closely miss the orc.
The orc is almost dead.
The orc hits you with a +0 war axe.
You die...

#...#....##..........##..#
#####....##........#.##.##
##'####........#.##.# ###### #%#
####.....#.##.# #...>. # #.#
####..)..#.#..# #.#### # #.#
#.....##.....####.## #######.#
#..................# ........#
#...#.o.##.######..## ###....##
#...#@..............# # #....#
#...))o....######...##
###....#####.###.................
..+....'.......................##
###....#####.###.#.#.#......#..##
#....# #......................
###### #..#.#.#..............#
#..#.#.#.#.#.######...#
###########..#'#.#.#.#.<.........


You could see 2 orcs.

Vanquished Creatures
  Grinder (D:3)
  4 adders
  2 ufetubi (D:3)
  2 ribbon worms (D:2)
  4 dart slugs
  3 orcs
  4 ball pythons
  3 endoplasms
  A giant cockroach (D:1)
  3 goblins
  4 hobgoblins
  4 jackals (D:1)
  6 quokkas
  7 bats
  3 frilled lizards
  3 kobolds
  6 rats
60 creatures vanquished.

Notes
Turn   | Place    | Note
-------+----------+-------------------------------------------
     0 | D:1      | smashvw the Minotaur Berserker began the quest for the Orb.
     0 | D:1      | Reached XP level 1. HP: 19/19 MP: 0/0
   169 | D:1      | Reached XP level 2. HP: 27/27 MP: 1/1
   916 | D:2      | Reached ** piety under Trog
   978 | D:2      | Reached XP level 3. HP: 33/33 MP: 2/2
  1875 | D:3      | Reached XP level 4. HP: 30/41 MP: 3/3
  2096 | D:3      | Noticed Grinder
  2102 | D:3      | Paralysed by Grinder for 4 turns
  2110 | D:3      | Killed Grinder
  2111 | D:3      | Reached skill level 5 in Fighting
  2111 | D:3      | Reached skill level 5 in Maces & Flails
  2111 | D:3      | Reached XP level 5. HP: 49/49 MP: 4/4
  2111 | D:3      | Reached XP level 6. HP: 56/56 MP: 5/5
  2750 | D:3      | HP: 1/57 [orc/+1 flail of protection (7)]
  2751 | D:3      | Slain by an orc

Illustrated notes

Levels and vault maps discovered:
D:1:      shiori_shiawase, layout_basic, minmay_misc_feat_alley
D:2:      layout_loops_ring
D:3:      layout_basic, minmay_vboxes, uniq_grinder
D:4:      layout_rooms, doesnt_xom_only_xom, tso_metal_star,
          minmay_temple_entry_nine_rooms, serial_bayou_lake_a, uniq_natasha,
          uniq_crazy_yiuf_cottage

Skill      XL: |  1  2  3  4 |
---------------+-------------+-----
Fighting       | 4 5 |  5.7
Maces & Flails | 4 5 |  5.6
Armour         | 3 4 |  4.9
Dodging        | |  2.1

Action                     |  1- 3 |  4- 6 || total
---------------------------+-------+-------++-------
  Melee: Mace              |    92 |    47 ||   139
         Headbutt          |    15 |     6 ||    21
         Punch             |       |     1 ||     1
 Invoke: Berserk           |       |     1 ||     1
 Armour: Animal skin       |    19 |       ||    19
         Ring mail         |     5 |       ||     5
         Chain mail        |    22 |    48 ||    70
         Scale mail        |    11 |       ||    11
  Dodge: Dodged            |    69 |    34 ||   103
